 Dungeon Crawl Stone Soup version 0.29.1-12-g30fa7ad0bf (webtiles) character file.

Game seed: 4180976483680094577

403 retardedninja the Chopper (level 6, -1/56 HPs)
             Began as a Hill Orc Fighter on Dec 13, 2022.
             Slain by a killer bee (3 damage)
             ... on level 5 of the Dungeon.
             The game lasted 00:05:38 (5633 turns).

retardedninja the Chopper (Hill Orc Fighter)        Turns: 5633, Time: 00:05:38

Health: -1/56      AC: 18    Str: 21    XL:     6   Next: 86%
Magic:  6/6        EV:  6    Int: 11    God:
Gold:   370        SH:  4    Dex: 10    Spells: 5/5 levels left

rFire   . . .      SeeInvis .   a - +1 war axe
rCold   . . .      Faith    .   c - +0 buckler
rNeg    . . .      Spirit   .   e - +0 plate armour
rPois   .          Reflect  .   (no helmet)
rElec   +          Harm     .   q - +1 cloak
rCorr   .          Rampage  .   (no gloves)
Will    .....                   (no boots)
Stlth   ..........              (no amulet)
HPRegen 0.18/turn               u - ring of the Forsaken Mice {+Blink rElec AC+4 Int+3}
MPRegen 0.10/turn               (no ring)

@: mighty, lethally poisoned (-1 -> -4)
A: no striking features
a: Evoke Blink


You were on level 5 of the Dungeon.
You visited 1 branch of the dungeon, and saw 5 of its levels.

You collected 370 gold pieces.

Inventory:

Hand Weapons
 a - a +1 war axe (weapon)
Armour
 c - a +0 buckler (worn)
 e - a +0 plate armour (worn)
 q - a +1 cloak (worn)
Jewellery
 j - an amulet of the acrobat
 u - the ring of the Forsaken Mice (left hand) {+Blink rElec AC+4 Int+3}
   (You found it on level 2 of the Dungeon)

   [ring of protection]

   AC:        It affects your AC (+4).
   Int:       It affects your intelligence (+3).
   rElec:     It insulates you from electricity.
   +Blink:    It lets you blink.
 y - a ring of protection from fire
Wands
 b - a wand of quicksilver (4)
Scrolls
 f - a scroll of torment
 h - 3 scrolls of identify
 m - 4 scrolls of amnesia {unknown}
 o - a scroll of teleportation {unknown}
Potions
 d - a potion of might
 g - 2 potions of lignification
 i - a potion of heal wounds
 k - 2 potions of attraction
 l - a potion of curing
 n - 2 potions of brilliance {unknown}
 r - a potion of haste {unknown}
 s - a potion of invisibility {unknown}
 w - a potion of berserk rage {unknown}
 z - 2 potions of ambrosia


   Skills:
 + Level 5.2 Fighting
 + Level 6.8 Axes
 + Level 4.7 Armour
 + Level 0.7 Dodging
 + Level 3.5 Shields


You had 5 spell levels left.
You didn't know any spells.
Your spell library contained the following spells:

 Spells                   Type           Power      Damage    Failure   Level
 Apportation              Tloc           0%         N/A       100%        1
 Sandblast                Erth           0%         2d4       100%        1
 Sting                    Tmut/Pois      0%         1d3       100%        1
 Ensorcelled Hibernation  Hex/Ice        0%         N/A       100%        2
 Passwall                 Tmut/Erth      0%         N/A       100%        2
 Poisonous Vapours        Pois/Air       0%         N/A       100%        2
 Inner Flame              Hex/Fire       0%         N/A       100%        3
 Stone Arrow              Conj/Erth      0%         3d7       100%        3
 Swiftness                Air            0%         N/A       100%        3
 Cause Fear               Hex            0%         N/A       100%        4
 Olgreb's Toxic Radiance  Pois           0%         N/A       100%        4
 Alistair's Intoxication  Tmut/Pois      0%         N/A       100%        5
 Discord                  Hex            0%         N/A       100%        8


Dungeon Overview and Level Annotations

Branches:
Dungeon (5/15)
 Temple: D:4-7

Altars:

Shops:
D:1 =   D:4 ?


Message History

The killer bee is almost dead.
You closely miss the killer bee.
You feel sick.
The killer bee barely misses you. x2; The killer bee stings you.
The killer bee barely misses you.
The killer bee stings you but does no damage. x2
Unknown command.
You barely miss the killer bee.
The killer bee is almost dead.
You miss the killer bee.
You feel sick.
The killer bee stings you but does no damage. x2
The killer bee barely misses you. The killer bee stings you.
* * * LOW HITPOINT WARNING * * *
You are more poisoned.
The killer bee poisons you!
You feel better. The killer bee completely misses you.
The killer bee stings you but does no damage. x3
You feel very mighty all of a sudden.
The killer bee stings you but does no damage.
The killer bee barely misses you. The killer bee stings you!
* * * LOW HITPOINT WARNING * * *
You are poisoned.
The killer bee poisons you!
The killer bee stings you but does no damage.
You barely miss the killer bee.
The killer bee is moderately wounded.
You closely miss the killer bee.
You feel sick.
The killer bee stings you but does no damage.
You block the killer bee's attack. The killer bee stings you.
* * * LOW HITPOINT WARNING * * *
The killer bee stings you!
* * * LOW HITPOINT WARNING * * *
You slash the killer bee!
The killer bee is almost dead.
You slash the killer bee!
You kill the killer bee!
* * * LOW HITPOINT WARNING * * *
You feel sick.
The killer bee stings you but does no damage.
The killer bee stings you.
You die...

#.........
#.........
#........ ###
#....... #..
#.....##.. ..
#........# .
#.....# #
#####y# #
######...y@# #
##......#####
#######
##..######
#....##
#..###########
#######....##
#>............
........(....
######....####
#######......
#....# #<.....
#....# #......
####.# #####..


You could see 2 killer bees.

Vanquished Creatures
  A scorpion (D:5)
  3 killer bees (D:5)
  A jelly (D:5)
  An orc priest (D:4)
  2 hounds (D:5)
  5 adders
  2 ufetubi (D:4)
  2 worms
  3 dart slugs
  7 orcs
  8 bats
  5 endoplasms
  4 giant cockroaches
  A goblin (D:3)
  2 hobgoblins
  6 quokkas
  6 ball pythons
  2 frilled lizards
  7 kobolds
  8 rats
76 creatures vanquished.

Notes
Turn   | Place    | Note
-------+----------+-------------------------------------------
     0 | D:1      | retardedninja the Hill Orc Fighter began the quest for the
                  | Orb.
     0 | D:1      | Reached XP level 1. HP: 19/19 MP: 1/1
   317 | D:1      | Reached XP level 2. HP: 26/27 MP: 2/2
   518 | D:1      | Found Ytoaren's Jewellery Shop.
   964 | D:2      | Reached skill level 3 in Axes
  1114 | D:2      | Reached XP level 3. HP: 33/33 MP: 3/3
  1464 | D:2      | Found a faded altar of an unknown god.
  1573 | D:2      | Identified the ring of the Forsaken Mice {+Blink rElec AC+4
                  | Int+3}
  1897 | D:3      | Reached skill level 4 in Axes
  2106 | D:3      | Reached XP level 4. HP: 40/40 MP: 4/4
  3790 | D:4      | Reached skill level 5 in Axes
  3790 | D:4      | Reached XP level 5. HP: 21/46 MP: 5/5
  4597 | D:4      | Found Puopsyo's Magic Scroll Shop.
  4886 | D:5      | Entered Level 5 of the Dungeon
  5290 | D:5      | Reached skill level 5 in Fighting
  5290 | D:5      | Reached skill level 6 in Axes
  5290 | D:5      | Reached XP level 6. HP: 54/56 MP: 6/6
  5633 | D:5      | HP: 2/56 [poisoned by a killer bee]
  5633 | D:5      | Slain by a killer bee

Illustrated notes

Levels and vault maps discovered:
D:1:      amcnicky_arrival_single_pillar, layout_loops_ring, serial_shops, shop
D:2:      layout_basic, dilly_ecumenical_altar_fadedgnrine, chequers_jeans,
          grunt_decor_junction
D:3:      cheibrodos_old_hovel, layout_basic, kennysheep_generic_room_3
D:4:      layout_basic, nicolae_inconvenience_store
D:5:      layout_basic

Skill      XL: |  1  2  3  4  5 |
---------------+----------------+-----
Axes           | 3 4 5 6 |  6.8
Armour         | 4 |  4.7
Fighting       | 4 5 |  5.2
Dodging        | |  0.7
Shields        | |  3.5

Action                   |  1- 3 |  4- 6 || total
-------------------------+-------+-------++-------
Melee: War axe           |   100 |   164 ||   264
  Use: Scroll            |       |    14 ||    14
       Potion            |       |     5 ||     5
Armor: Scale mail        |    48 |    29 ||    77
       Plate armour      |       |   161 ||   161
Dodge: Dodged            |    41 |    82 ||   123
Block: Buckler           |    19 |    51 ||    70
